 Dungeon Crawl Stone Soup version 0.29.0-15-g675c0067aa (webtiles) character file.

Game seed: 379418893804188039

701 MisterFreud the Basher (level 7, -2/50 HPs)
             Began as a Formicid Gladiator on Sept 11, 2022.
             Slain by a hobgoblin (5 damage)
             ... led by Robin
             ... on level 4 of the Dungeon.
             The game lasted 00:04:24 (4957 turns).

MisterFreud the Basher (Formicid Gladiator)         Turns: 4957, Time: 00:04:25

Health: -2/50      AC:  4    Str: 21    XL:     7   Next: 98%
Magic:  16/16      EV: 12    Int:  7    God:
Gold:   176        SH:  0    Dex: 15    Spells: 6/6 levels left

rFire   . . .      SeeInvis +   a - +1 flail
rCold   . . .      Faith    .   (no shield)
rNeg    . . .      Spirit   .   b - +0 leather armour
rPois   .          Reflect  .   (helmet unavailable)
rElec   .          Harm     .   f - +0 cloak
rCorr   .          Rampage  .   (no gloves)
Will    .....                   (no boots)
Stlth   +.........              (no amulet)
HPRegen 0.16/turn               g - ring of flight
MPRegen 0.15/turn               u - ring of magical power

@: flying
A: permanent stasis, dig shafts and tunnels, antennae 3, four strong arms
a: Dig, Shaft Self


You were on level 4 of the Dungeon.
You visited 1 branch of the dungeon, and saw 4 of its levels.

You collected 176 gold pieces.

Inventory:

Hand Weapons
 a - a +1 flail (weapon)
 t - a +0 mace of holy wrath
Missiles
 c - 3 throwing nets
 d - 3 javelins (quivered)
 h - 3 atropa-tipped darts
Armour
 b - a +0 leather armour (worn)
 f - a +0 cloak (worn)
Jewellery
 g - a ring of flight (left hand)
 i - a ring of resist corrosion
 u - a ring of magical power (right hand)
Wands
 k - a wand of iceblast (11)
Scrolls
 j - a scroll of identify
Potions
 e - 3 potions of cancellation
 l - a potion of ambrosia {unknown}
 n - a potion of degeneration {unknown}
 o - a potion of brilliance {unknown}
 p - 2 potions of curing
 r - a potion of attraction {unknown}
 v - a potion of lignification {unknown}


   Skills:
 - Level 2.1 Fighting
 + Level 8.8 Maces & Flails
 - Level 2.0 Throwing
 - Level 2.6 Dodging


You had 6 spell levels left.
You didn't know any spells.
Your spell library contained the following spells:

 Spells                   Type           Power      Damage    Failure   Level
 Sandblast                Erth           0%         2d4       47%         1
 Passwall                 Tmut/Erth      0%         N/A       63%         2
 Sublimation of Blood     Necr           0%         N/A       63%         2
 Frozen Ramparts          Ice            0%         1d1       85%         3
 Stone Arrow              Conj/Erth      0%         3d7       85%         3
 Ice Form                 Ice/Tmut       0%         N/A       99%         4
 Petrify                  Tmut/Erth      0%         N/A       99%         4
 Summon Ice Beast         Ice/Summ       0%         N/A       99%         4
 Irradiate                Conj/Tmut      0%         3d11      100%        5


Dungeon Overview and Level Annotations

Branches:
Dungeon (4/15)
 Temple: D:4-7

Altars:
Zin

Shops:
D:3 :   D:4 (

Annotations:
D:4 1 runed translucent door, Crazy Yiuf


Innate Abilities, Weirdness & Mutations

You cannot be hasted, slowed, berserked, paralysed or teleported.
You can dig through walls and to a lower floor.
You have a pair of large antennae on your head. (SInv)
Your four strong arms can wield two-handed weapons with a shield.


Message History

Robin is almost dead.
Robin hits you with a +0 spear. The goblin hits you but does no damage.
Unknown command.
You barely miss Robin.
Robin is almost dead.
Robin hits you with a +0 spear.
The goblin zaps a wand.
The bolt of dispelling energy hits you!
* * * LOW HITPOINT WARNING * * *
You hit Robin.
You kill Robin!
The goblin completely misses you.
The goblin unwields a +0 sling.
The goblin wields a +0 club.
The goblin hits you with a +0 club.
* * * LOW HITPOINT WARNING * * *
Unknown command.
Unknown command.
You hit the goblin.
You kill the goblin!
The hobgoblin closely misses you. The goblin misses you.
Unknown command.
The hobgoblin attacks as you move away! The hobgoblin closely misses you.
Things that are here:
a +0 club; a wand of quicksilver (5); a goblin corpse Unknown command.
You closely miss the hobgoblin.
The goblin no longer looks unusually strong.
The hobgoblin closely misses you.
Unknown command.
You hit the hobgoblin.
The hobgoblin is moderately wounded.
The hobgoblin hits you but does no damage.
Unknown command.
You closely miss the hobgoblin.
The hobgoblin is moderately wounded.
The hobgoblin hits you.
* * * LOW HITPOINT WARNING * * *
Unknown command.
You barely miss the hobgoblin.
The hobgoblin is moderately wounded.
The hobgoblin hits you.
You die...

#.#.#..##.####### #†#...# #
#.#..............####...).# #
P.###..##.............#...###
~~~~ #..##..#####.............
~~~~~ #..##..# #####...#####.
##~~~# #..##..#######.....# #.
#......{....##.#).†### #.
#.###.g####.##.......###.
#.....gg@.#..............
#.#######.#..........###.
#.#.####...#####. #.#.# #...#
#..~ #...# ##.## #.#~ #.#.#
#..###.#~ #...#####.#.....~
########.#......###....~
♣♣♣♣♣##........###.....#.##.#.


You could see a hobgoblin (strong) and 2 goblins.

Vanquished Creatures
  2 ogres (D:4)
  A necrophage (D:4)
  A hound (D:4)
  2 orc priests (D:4)
  Jessica (D:3)
  3 iguanas (D:4)
  Natasha (thrice) (D:3)
  An orc wizard (D:4)
  Robin (D:4)
  8 adders
  2 worms
  A dart slug (D:2)
  6 orcs (D:4)
  6 bats
  5 endoplasms
  2 giant cockroaches
  10 goblins
  10 hobgoblins
  6 jackals
  2 quokkas (D:2)
  7 ball pythons
  2 frilled lizards
  2 kobolds
  4 rats
88 creatures vanquished.

Vanquished Creatures (others)
  A goblin (D:4)
  56 plants (D:4)
57 creatures vanquished.

Grand Total: 145 creatures vanquished

Notes
Turn   | Place    | Note
-------+----------+-------------------------------------------
     0 | D:1      | MisterFreud the Formicid Gladiator began the quest for the
                  | Orb.
     0 | D:1      | Reached XP level 1. HP: 16/16 MP: 1/1
   164 | D:1      | Reached XP level 2. HP: 14/22 MP: 2/2
   706 | D:1      | Reached skill level 4 in Maces & Flails
   706 | D:1      | Reached XP level 3. HP: 25/27 MP: 3/3
  1299 | D:2      | Found a faded altar of an unknown god.
  1493 | D:2      | Reached XP level 4. HP: 32/33 MP: 4/4
  2003 | D:2      | Reached skill level 5 in Maces & Flails
  2515 | D:3      | Noticed Jessica
  2523 | D:3      | Killed Jessica
  2524 | D:3      | Reached XP level 5. HP: 30/38 MP: 5/5
  2620 | D:3      | Found Ziggues's Book Shop.
  2622 | D:3      | Noticed Natasha
  2631 | D:3      | Killed Natasha
  2727 | D:3      | Noticed Natasha
  2735 | D:3      | Killed Natasha
  2736 | D:3      | Reached skill level 6 in Maces & Flails
  3105 | D:3      | Noticed Natasha
  3112 | D:3      | Killed Natasha
  3113 | D:3      | Reached XP level 6. HP: 24/44 MP: 6/6
  3692 | D:4      | Reached skill level 7 in Maces & Flails
  3884 | D:4      | Reached XP level 7. HP: 50/50 MP: 7/7
  3887 | D:4      | Found a glowing silver altar of Zin.
  4070 | D:4      | Found Setwifip's Weapon Shoppe.
  4115 | D:4      | HP: 1/50 [orc priest/divine providence (7)]
  4422 | D:4      | Reached skill level 8 in Maces & Flails
  4905 | D:4      | Found a runed translucent door.
  4906 | D:4      | Noticed Crazy Yiuf
  4934 | D:4      | Noticed Robin
  4951 | D:4      | Killed Robin
  4957 | D:4      | Slain by a hobgoblin

Illustrated notes

Levels and vault maps discovered:
D:1:      psy_arrival_radial01, layout_loops_ring
D:2:      layout_basic, shapermc_ecumenical_altar_flowoftime, st_stairs_7,
          minmay_pentomino_q2
D:3:      layout_loops_ring, serial_shops, shop, uniq_natasha, uniq_jessica
D:4:      layout_loops_ring, mainiacjoe_overflow_small_starburst, serial_shops,
          nicolae_shop_bloodbath_and_beyond, serial_bayou,
          serial_bayou_lagoon_a, serial_bayou_pond_c, serial_bayou_shore_a,
          serial_bayou_pond_d, serial_bayou_pond_a, uniq_crazy_yiuf_cottage,
          uniq_robin

Skill      XL: |  1  2  3  4  5  6  7 |
---------------+----------------------+-----
Maces & Flails | 4 5 6 7 8 |  8.8
Fighting       | |  2.1
Throwing       | |  2.0
Dodging        | |  2.6

Action                   |  1- 3 |  4- 6 |  7- 9 || total
-------------------------+-------+-------+-------++-------
Melee: Flail             |    85 |   122 |    70 ||   277
       Punch             |     1 |     1 |       ||     2
Throw: Javelin           |       |       |     3 ||     3
  Use: Scroll            |       |    11 |       ||    11
 Stab: Sleeping          |     1 |     1 |       ||     2
Armor: Leather armour    |    20 |    31 |    14 ||    65
Dodge: Dodged            |    65 |    65 |    36 ||   166
